Map: Automaton LE

Players

Lambo - Winner!

  • Race: Zerg Zerg
  • League: Master
  • Spawn Location: 3:00

lllIIIlllIII

  • Race: Terran Terran
  • League: Grandmaster
  • Spawn Location: 9:00

VOD

Have the link to the VOD?

Description

Time

  • Played on: Dec. 8, 2018, 12:01 p.m.
  • Length: 10:12
Show
View Real Time Build Order
Export as new Build Order

Lambo Zerg - Winner!

Build Orders: Hatch First, Muta Ling Bane 

Get SALT Encoding   

  12  0:01  Drone  
  13  0:12  Overlord  
  13  0:18  Drone  
  14  0:31  Drone x2  
  16  0:51  Hatchery  
  16  0:53  Drone  
  16  0:56  Drone  
  17  1:01  Drone  
  18  1:11  Extractor  
  17  1:16  Spawning Pool  
  17  1:18  Drone  
  17  1:22  Drone  
  18  1:28  Drone  
  19  1:39  Drone  
  20  1:51  Drone  
  21  2:03  Queen x2, Zergling x2  
  21  2:04  Overlord  
  26  2:12  Metabolic Boost  
  26  2:13  Drone  
  26  2:15  Drone  
  28  2:24  Drone x2  
  30  2:35  Extractor  
  29  2:39  Extractor  
  30  2:45  Hatchery  
  30  2:46  Drone  
  30  2:49  Pneumatized Carapace  
  30  2:52  Drone  
  30  2:55  Drone  
  32  2:59  Overlord  
  32  3:02  Drone  
  33  3:08  Drone  
  33  3:09  Drone  
  35  3:16  Drone  
  36  3:21  Drone x3  
  36  3:22  Queen  
  41  3:30  Drone  
  41  3:33  Overlord  
  42  3:38  Drone  
  43  3:44  Drone  
  44  3:51  Overlord, Queen  
  48  3:55  Zergling x6  
  48  3:56  Zergling x2  
  48  3:57  Queen  
  52  4:03  Zergling x6  
  52  4:07  Queen  
  57  4:13  Drone  
  57  4:14  Drone x3  
  57  4:15  Spore Crawler  
  60  4:18  Drone  
  60  4:22  Overlord  
  61  4:25  Drone x2  
  61  4:26  Drone  
  64  4:32  Drone x2  
  64  4:33  Baneling Nest, Overlord  
  64  4:35  Drone  
  66  4:43  Drone x4  
  66  4:45  Queen  
  70  4:48  Drone  
  73  4:53  Overlord  
  73  4:54  Lair  
  73  5:00  Evolution Chamber, Extractor  
  73  5:01  Evolution Chamber  
  73  5:02  Drone x2, Extractor  
  73  5:04  Drone  
  73  5:05  Drone  
  73  5:07  Drone x2  
  73  5:10  Drone x2  
  77  5:14  Overlord  
  77  5:16  Drone x3  
  77  5:18  Drone x2  
  82  5:29  Zerg Ground Armor Level 1  
  82  5:36  Zerg Melee Weapons Level 1  
  82  5:39  Hatchery  
  82  5:40  Drone x2  
  82  5:41  Drone x5  
  88  5:43  Drone x2  
  88  5:45  Extractor x2  
  88  5:48  Extractor  
  87  5:50  Drone  
  87  5:51  Drone x2  
  87  5:52  Overlord  
  87  5:53  Overlord  
  87  5:55  Centrifical Hooks  
  90  6:03  Overlord  
  90  6:04  Overlord  
  90  6:10  Overlord  
  90  6:11  Overlord x2  
  90  6:12  Overlord x2  
  90  6:17  Zergling x2  
  90  6:18  Spire  
  90  6:23  Zergling x10  
  95  6:27  Baneling x5  
  95  6:28  Baneling x2, Zergling x2  
  96  6:33  Zergling x8  
  96  6:34  Zergling x2  
  96  6:36  Zergling x4  
  103  6:40  Overlord  
  103  6:42  Zergling x4  
  105  6:49  Zergling x6  
  105  6:52  Baneling x6  
  108  6:55  Zergling x10  
  113  7:04  Zergling x10  
  113  7:09  Zergling x4  
  114  7:20  Zergling x6  
  114  7:21  Zergling x12  
  123  7:37  Hatchery  
  123  7:43  Overlord  
  121  7:46  Overlord  
  121  7:47  Zerg Melee Weapons Level 2, Zerg Ground Armor Level 2  
  121  7:48  Zerg Flyer Weapons Level 1  
  121  7:56  Mutalisk x8  
  127  8:16  Mutalisk x4  
  127  8:37  Drone x12  
  139  8:51  Hatchery  
  139  8:52  Mutalisk x5  
  139  8:55  Baneling x5  
  148  8:59  Zergling x12  
  154  9:06  Zergling x4  
  154  9:09  Infestation Pit  
  155  9:10  Queen, Extractor  
  155  9:11  Extractor  
  155  9:15  Zergling x24  
  165  9:24  Zergling x6  
  165  9:30  Baneling  
  165  9:31  Baneling x17  
  168  9:32  Zergling x4  
  168  9:35  Zergling x2  
  168  9:36  Zergling x2  
  167  9:39  Baneling x6  
  167  9:43  Zergling x6  
  167  9:44  Baneling  
  167  9:45  Baneling x3  
  165  9:49  Zergling x26  
Show
View Real Time Build Order
Export as new Build Order

lllIIIlllIII Terran 

Build Orders: Liberator Opening, Reaper Expand 

Get SALT Encoding   

  12  0:00  SCV  
  13  0:12  SCV  
  14  0:18  Supply Depot  
  14  0:25  SCV  
  15  0:40  SCV  
  15  0:41  Barracks  
  16  0:45  Refinery  
  16  0:52  SCV  
  17  1:04  SCV  
  18  1:16  SCV  
  19  1:30  Orbital Command  
  19  1:31  Reaper  
  20  1:46  Command Center  
  20  1:56  Supply Depot  
  20  1:57  SCV  
  21  2:03  Marine  
  22  2:09  SCV  
  22  2:13  Factory  
  23  2:21  Refinery, SCV  
  24  2:24  Barracks Reactor  
  24  2:33  SCV  
  25  2:45  SCV  
  26  2:57  SCV  
  27  2:59  Starport  
  27  3:00  Orbital Command  
  27  3:07  Hellion  
  27  3:08  Hellion  
  27  3:09  SCV  
  32  3:12  Barracks Tech Lab  
  32  3:18  Supply Depot  
  32  3:19  Liberator  
  32  3:21  SCV  
  33  3:29  Hellion x2  
  33  3:30  SCV  
  33  3:34  SCV  
  42  3:42  SCV  
  42  3:46  SCV  
  44  3:51  Marine, Stimpack  
  44  3:54  Supply Depot  
  47  3:57  SCV  
  47  4:00  Hellion  
  48  4:04  Hellion  
  48  4:06  SCV  
  48  4:09  SCV  
  52  4:18  SCV  
  52  4:21  SCV  
  54  4:30  SCV  
  55  4:32  Command Center  
  55  4:33  Supply Depot, SCV  
  55  4:35  Starport Reactor  
  56  4:42  SCV  
  56  4:44  Factory Tech Lab  
  57  4:46  SCV  
  57  4:49  Engineering Bay x2  
  58  4:54  SCV  
  58  4:58  SCV  
  60  5:00  Refinery  
  60  5:01  Refinery  
  60  5:02  Supply Depot, Marine  
  60  5:03  Siege Tank  
  60  5:06  SCV  
  65  5:09  Barracks  
  65  5:15  Barracks  
  65  5:16  Terran Infantry Weapons Level 1  
  65  5:18  Terran Infantry Armor Level 1  
  65  5:22  SCV  
  65  5:24  SCV  
  65  5:25  Starport Reactor, Marine  
  68  5:34  SCV  
  69  5:36  SCV  
  69  5:40  Siege Tank  
  73  5:45  Marine  
  73  5:46  SCV  
  73  5:47  Orbital Command  
  73  5:48  SCV  
  76  5:56  Marine, Combat Shield  
  77  5:57  Marine  
  77  5:59  SCV  
  77  6:00  SCV  
  77  6:03  Barracks  
  80  6:05  Medivac x2  
  80  6:10  Barracks, Orbital Command  
  80  6:11  Marine x3  
  87  6:20  SCV  
  87  6:21  Marine x2  
  87  6:22  Supply Depot  
  87  6:23  Supply Depot  
  90  6:26  Armory, SCV  
  90  6:29  Marine x2  
  93  6:36  Marine  
  93  6:37  Siege Tank  
  93  6:38  SCV x2  
  93  6:39  Marine, SCV  
  101  6:45  Marine  
  101  6:46  Supply Depot  
  102  6:52  Barracks Reactor  
  100  6:56  SCV x2  
  100  6:58  SCV  
  103  7:03  Supply Depot  
  103  7:04  Supply Depot  
  103  7:06  Marine x3  
  103  7:07  Marine  
  105  7:11  SCV  
  105  7:12  Marine, Siege Tank  
  105  7:13  Terran Infantry Weapons Level 2, Barracks Reactor  
  110  7:22  Terran Infantry Armor Level 2  
  110  7:24  Marine x2, Terran Vehicle And Ship Armor Level 1  
  110  7:25  Marine, SCV  
  110  7:26  Marine  
  110  7:29  Marine x2  
  117  7:30  Marine  
  110  7:41  Marine x2  
  110  7:43  Marine  
  110  7:44  Marine  
  108  7:47  Marine x2, SCV  
  108  7:48  Drilling Claws  
  108  7:49  Widow Mine  
  111  7:53  Factory  
  111  7:54  Medivac, Orbital Command  
  113  8:00  Medivac  
  113  8:01  Marine  
  113  8:02  Marine  
  117  8:09  Supply Depot  
  110  8:13  Marine  
  110  8:19  Marine x2  
  108  8:21  SCV  
  108  8:22  Marine x2  
  108  8:23  Marine x2  
  108  8:25  Widow Mine  
  108  8:26  SCV x2  
  114  8:31  Marine x2  
  114  8:33  SCV  
  111  8:34  Marine  
  111  8:35  Supply Depot  
  111  8:37  Marine  
  111  8:38  Marine  
  111  8:40  SCV  
  114  8:41  SCV  
  114  8:43  Marine  
  114  8:45  Marine  
  114  8:48  Factory Reactor  
  117  8:49  SCV  
  117  8:50  Marine  
  117  8:55  Missile Turret, Marine x2  
  120  8:58  Marine x2  
  120  9:01  Missile Turret  
  117  9:06  Marine x2  
  117  9:07  Marine x2  
  117  9:08  Marine  
  118  9:12  Marine  
  118  9:15  SCV  
  120  9:17  Missile Turret  
  120  9:18  Marine x2, Bunker, Widow Mine  
  120  9:19  Marine  
  125  9:27  Marine  
  125  9:28  Marine x2  
  125  9:29  Widow Mine x2  
  132  9:32  Marine x3  
  132  9:36  Marine x3  
  134  9:43  Widow Mine  
  134  9:45  Marine x2  
  120  9:46  Marine  
  120  9:49  Marine  
  120  9:51  Marine  
Tags
 
Add a new tag
Caveats
  • Supply blocks, unpowered buildings, or Contaminate may cause inaccurate times.
  • Supply counts are checked every 10 seconds.